Map: Cactus Valley LE (Void)

Players

Semper - Winner!

  • Race: Terran Terran
  • League: Grandmaster
  • Spawn Location: 7:00

Railgan

  • Race: Zerg Zerg
  • League: Grandmaster
  • Spawn Location: 11:00

VOD

Have the link to the VOD?

Description

Time

  • Played on: March 20, 2017, 6:29 p.m.
  • Length: 7:47
Show
View Real Time Build Order
Export as new Build Order

Semper Terran - Winner!

Build Orders: Reaper Expand, MMM Bio 

Get SALT Encoding   

  12  0:00  SCV  
  13  0:12  SCV  
  14  0:17  Supply Depot  
  14  0:25  SCV  
  15  0:39  SCV  
  15  0:40  Barracks  
  16  0:44  Refinery  
  16  0:51  SCV  
  17  1:03  SCV  
  18  1:15  SCV  
  19  1:27  Orbital Command  
  19  1:28  Reaper  
  20  1:40  Command Center  
  20  1:51  Supply Depot  
  20  1:53  SCV  
  21  2:00  Marine  
  22  2:05  SCV  
  23  2:09  Factory  
  23  2:17  SCV  
  24  2:25  Barracks Reactor  
  24  2:29  SCV  
  25  2:42  SCV  
  25  2:43  Command Center  
  26  2:54  Orbital Command  
  26  2:55  SCV  
  27  3:09  Hellion x2, Barracks Tech Lab  
  27  3:10  SCV  
  32  3:20  SCV  
  32  3:22  SCV  
  34  3:31  Marine, Hellion x2  
  34  3:32  Stimpack, SCV  
  40  3:36  SCV  
  41  3:44  SCV  
  42  3:55  Orbital Command  
  41  3:56  Marine  
  41  3:58  Barracks  
  41  3:59  Barracks  
  42  4:03  Factory Reactor  
  42  4:05  SCV  
  42  4:07  SCV  
  40  4:17  SCV  
  40  4:20  SCV  
  40  4:23  Marauder  
  44  4:25  SCV  
  44  4:26  Bunker, Supply Depot  
  44  4:28  Refinery  
  44  4:29  SCV  
  46  4:32  Engineering Bay x2  
  46  4:34  SCV  
  46  4:37  SCV  
  48  4:44  Marine, Refinery  
  48  4:45  Starport  
  47  4:46  SCV  
  47  4:48  Factory Tech Lab  
  47  4:49  Marine x2, Refinery  
  47  4:52  SCV  
  51  4:59  Marine x2  
  53  5:01  SCV  
  53  5:06  Siege Tank  
  57  5:08  Marine, SCV  
  57  5:09  Marine x2  
  57  5:11  Supply Depot  
  61  5:14  SCV  
  61  5:18  Marine x2  
  64  5:22  SCV  
  64  5:26  Bunker  
  65  5:29  Supply Depot, Terran Infantry Weapons Level 1  
  65  5:34  Marine x2, Combat Shields  
  67  5:35  Marine  
  67  5:37  Starport Reactor  
  67  5:38  SCV x3  
  71  5:47  Barracks x2  
  71  5:49  Siege Tank  
  74  5:51  Marine x2  
  76  6:05  Supply Depot x2  
  76  6:06  Marine  
  77  6:20  Marine x3, Medivac x2  
  77  6:21  Orbital Command  
  77  6:23  SCV  
  85  6:26  SCV  
  85  6:29  Siege Tank, Supply Depot  
  89  6:34  Supply Depot  
  89  6:36  Marine, Supply Depot  
  90  6:47  Marine x2  
  90  6:48  Supply Depot  
  90  6:51  Barracks Reactor, Barracks Tech Lab  
  90  6:52  Armory  
  90  6:53  Supply Depot  
  91  6:56  Marine  
  91  7:00  Medivac  
  93  7:06  Siege Tank  
  96  7:12  Marine  
  96  7:13  Marine x2, Marauder  
  101  7:20  SCV x2  
  101  7:21  SCV  
  103  7:29  Bunker, Marine  
  102  7:32  SCV  
  102  7:33  SCV  
Show
View Real Time Build Order
Export as new Build Order

Railgan Zerg 

Build Orders: Pool First 

Get SALT Encoding   

  12  0:01  Drone  
  13  0:22  Spawning Pool  
  13  0:26  Drone  
  13  0:29  Drone  
  14  0:43  Extractor  
  14  0:44  Drone  
  14  0:46  Overlord  
  15  1:05  Drone  
  15  1:10  Zergling x4, Queen  
  20  1:20  Drone  
  21  1:31  Hatchery  
  20  1:38  Drone  
  21  1:44  Drone  
  22  1:51  Extractor  
  22  1:52  Extractor, Queen  
  22  1:58  Overlord  
  22  2:32  Queen  
  22  2:33  Drone x5  
  28  2:43  Queen  
  30  2:47  Drone x2  
  31  2:54  Drone x2  
  33  3:03  Overlord  
  33  3:05  Drone x2  
  35  3:09  Drone  
  35  3:12  Overlord  
  36  3:26  Drone  
  36  3:27  Lair, Drone  
  38  3:31  Drone  
  38  3:32  Drone  
  38  3:33  Drone  
  41  3:42  Roach Warren  
  41  3:45  Drone  
  41  3:46  Drone  
  42  3:57  Drone x2  
  42  4:00  Drone x2  
  45  4:05  Drone x5  
  48  4:21  Drone  
  48  4:22  Drone x4  
  48  4:26  Glial Reconstitution  
  48  4:30  Drone  
  49  4:34  Overlord  
  49  4:36  Extractor  
  48  4:40  Roach x2  
  48  4:44  Overlord  
  52  4:48  Overseer  
  52  4:50  Overlord  
  52  4:55  Roach  
  52  4:56  Roach x2  
  52  4:59  Roach  
  60  5:04  Roach x2  
  60  5:05  Drone  
  65  5:09  Roach  
  65  5:13  Roach x2  
  71  5:21  Roach x2  
  75  5:23  Overlord  
  75  5:26  Overlord  
  75  5:30  Overlord  
  75  5:32  Ravager  
  76  5:40  Overlord  
  76  5:42  Ravager x4  
  80  5:43  Roach  
  80  5:44  Overlord, Roach  
  84  5:51  Roach  
  84  5:52  Roach  
  88  5:58  Roach x2  
  92  6:08  Roach x4  
  100  6:15  Drone x2  
  100  6:18  Ravager  
  99  6:24  Roach x2  
  103  6:26  Overlord  
  103  6:27  Drone x2  
  103  6:28  Extractor, Drone  
  105  6:36  Roach x2  
  105  6:39  Ravager  
  110  6:48  Overlord  
  110  6:50  Overlord  
  110  6:52  Roach x4  
  118  7:08  Roach x4  
  126  7:22  Roach x7  
  140  7:28  Overlord  
Tags
 
Add a new tag
Caveats
  • Supply blocks, unpowered buildings, or Contaminate may cause inaccurate times.
  • Supply counts are checked every 10 seconds.